 Dungeon Crawl Stone Soup version 0.27.0-1-g7a08968 (webtiles) character file.

Game seed: 5138407604374736035

276 Host24 the Bolt Thrower (level 6, -10/38 HPs)
             Began as a Kobold Hunter on Jan 23, 2022.
             Mangled by an ice beast (14 damage)
             ... on level 2 of the Dungeon.
             The game lasted 00:15:44 (4812 turns).

Host24 the Bolt Thrower (Kobold Hunter)             Turns: 4812, Time: 00:15:44

Health: -10/38     AC:  6    Str: 10    XL:     6   Next: 50%
Magic:  6/6        EV: 14    Int: 12    God:
Gold:   103        SH:  0    Dex: 17    Spells: 5/5 levels left

rFire    . . .     SeeInvis .   a - +1 hand crossbow
rCold    . . .     Faith    .   (shield restricted)
rNeg     . . .     Spirit   .   c - +0 leather armour
rPois    .         Reflect  .   (no helmet)
rElec    .         Harm     .   (no cloak)
rCorr    .         Rampage  .   j - +1 pair of gloves
Will     .....                  u - +0 pair of boots
Stlth    +++.......             (no amulet)
HPRegen  0.12/turn              (no ring)
MPRegen  0.10/turn              (no ring)

@: mighty
A: small, no large weapons, nightstalker 3
a: no special abilities


You were on level 2 of the Dungeon.
You visited 1 branch of the dungeon, and saw 3 of its levels.

You collected 103 gold pieces.

Inventory:

Hand Weapons
 a - a +1 hand crossbow (weapon)
 b - the +7 shortbow of Classification {vorpal, Fragile rElec rPois}
   (You found it on level 2 of the Dungeon)

   Any ammunition fired from it inflicts extra damage upon your enemies.
   rElec:     It insulates you from electricity.
   rPois:     It protects you from poison.
   Fragile:   It will be destroyed if unequipped.
 g - a +4 whip
 k - a +0 rapier
Missiles
 d - 43 bolts (quivered ammo)
 n - 39 arrows
Armour
 c - a +0 leather armour (worn)
 j - a +1 pair of gloves (worn)
 m - a +0 scale mail
 q - a +0 chain mail
 u - a +0 pair of boots (worn)
Wands
 o - a wand of polymorph (7)
 t - a wand of paralysis (13)
Scrolls
 r - a scroll of noise


   Skills:
 - Level 4.1 Fighting
 - Level 1.0 Short Blades
 + Level 7.6 Crossbows
 - Level 0.4 Armour
 - Level 2.4 Dodging
 - Level 1.3 Stealth


You had 5 spell levels left.
You didn't know any spells.
Your spell library contained the following spells:

 Spells                   Type           Power      Damage    Failure   Level
 Foxfire                  Conj/Fire      0%         2x1d4     41%         1
 Summon Small Mammal      Summ           0%         N/A       41%         1
 Corpse Rot               Necr/Air       N/A        N/A       56%         2
 Call Canine Familiar     Summ           0%         N/A       80%         3
 Conjure Flame            Conj/Fire      0%         6-21      80%         3
 Gell's Gravitas          Tloc           0%         N/A       80%         3
 Inner Flame              Hex/Fire       0%         N/A       80%         3
 Summon Guardian Golem    Hex/Summ       0%         N/A       80%         3
 Teleport Other           Tloc           0%         N/A       80%         3
 Dispel Undead            Necr           0%         3d6       99%         4
 Death Channel            Necr           0%         N/A       100%        6
 Dispersal                Tloc           0%         N/A       100%        6


Dungeon Overview and Level Annotations

Branches:
Dungeon (3/15)

Altars:
Kikubaaqudgha
Makhleb
Sif Muna
Trog
Uskayaw
Yredelemnul
Zin

Shops:
D:3 [((


Innate Abilities, Weirdness & Mutations

You are small and have problems with some larger weapons.
You are completely attuned to the shadows.


Message History

There is a stone staircase leading up here.
An ice beast is nearby!
There is a stone staircase leading up here.
The ice beast completely misses you.
There is a stone staircase leading up here.
The ice beast completely misses you.
You climb upwards.
There is a stone staircase leading down here.
It was a potion of magic.
Magic courses through your body. The ice beast hits you.
The ice beast freezes you.
It was a potion of heal wounds.
You feel much better. The ice beast closely misses you.
It was a potion of might.
You feel very mighty all of a sudden.
The ice beast hits you but does no damage.
It was a potion of curing.
You feel better. The ice beast hits you. The ice beast freezes you!
Fire: 44 bolts
Press: ? - help, Q - select action, (/) - cycle Shift-Dir - straight line, f - ice beast
Aim: an ice beast (69% to hit)
You shoot a bolt. The bolt hits the ice beast.
The ice beast is moderately wounded.
The ice beast hits you. The ice beast freezes you!
You feel better. The ice beast closely misses you.
As you read the scroll labelled ERPHEFF MUEHIT, it crumbles to dust.
It is a scroll of enchant armour.
Your +0 pair of gloves glows green for a moment.
The ice beast hits you but does no damage.
As you read the scroll labelled BUDDARYNOW, it crumbles to dust.
It is a scroll of amnesia.
You feel forgetful for a moment. The ice beast hits you.
The ice beast freezes you!
* * * LOW HITPOINT WARNING * * *
As you read the scroll labelled NIVEITO PETUT, it crumbles to dust.
It is a scroll of identify.
r - a scroll of noise The ice beast hits you.
* * * LOW HITPOINT WARNING * * *
The ice beast freezes you!
You die...

...##.............# ###'#####.##
...'.........#.##.# #.# #...
...##......#.#.##.# #.# ####
...##......#.#.##.# #.########
#####......#.#.##.# #.#.......
#####'##.#.##.# #.##.#####
#########.##...##.######.#<......
..........###.)##.#.........#####
########### #.>Y@.#.####.########
#######.# #.#..†.... #.#
#.#.###### #.####.#.# #
#.[....#.###### ########.......
########


You could see an ice beast.

Vanquished Creatures
  A scorpion (D:2)
  Terence (D:2)
  Natasha (thrice) (D:2)
  4 adders
  A worm (D:2)
  5 dart slugs
  6 orcs
  4 ball pythons
  7 endoplasms
  3 giant cockroaches
  2 goblins
  7 hobgoblins
  3 jackals
  2 quokkas (D:1)
  6 bats
  3 frilled lizards
  8 kobolds
  2 rats
68 creatures vanquished.

Notes
Turn   | Place    | Note
-------+----------+-------------------------------------------
     0 | D:1      | Host24 the Kobold Hunter began the quest for the Orb.
     0 | D:1      | Reached XP level 1. HP: 12/12 MP: 1/1
   170 | D:1      | Reached skill level 5 in Crossbows
   512 | D:1      | Reached XP level 2. HP: 12/17 MP: 2/2
  1358 | D:1      | Reached XP level 3. HP: 19/21 MP: 3/3
  1406 | D:1      | Reached skill level 1 in Short Blades
  1791 | D:1      | Found a faded altar of an unknown god.
  2096 | D:2      | Reached skill level 6 in Crossbows
  2267 | D:2      | Reached XP level 4. HP: 27/27 MP: 4/4
  2286 | D:2      | Identified the +7 shortbow of Classification {vorpal,
                  | Fragile rElec rPois}
  2433 | D:2      | Noticed Natasha
  2457 | D:2      | Killed Natasha
  2756 | D:2      | Noticed Terence
  2770 | D:2      | Killed Terence
  2771 | D:2      | Reached XP level 5. HP: 20/33 MP: 5/5
  3269 | D:2      | Noticed Natasha
  3272 | D:2      | Killed Natasha
  3438 | D:2      | Noticed Natasha
  3447 | D:2      | Killed Natasha
  3540 | D:3      | Found Qennarghack's Weapon Shoppe.
  3558 | D:3      | Found Hotriut's Weapon Boutique.
  4008 | D:3      | Reached XP level 6. HP: 38/38 MP: 6/6
  4032 | D:3      | Reached skill level 7 in Crossbows
  4034 | D:3      | Found a hide-covered altar of Uskayaw.
  4106 | D:3      | Found a bloodstained altar of Trog.
  4113 | D:3      | Found a burning altar of Makhleb.
  4114 | D:3      | Found a basalt altar of Yredelemnul.
  4115 | D:3      | Found an ancient bone altar of Kikubaaqudgha.
  4116 | D:3      | Found a shimmering blue altar of Sif Muna.
  4264 | D:3      | Found a glowing silver altar of Zin.
  4322 | D:3      | Found Izysmi's Antique Armour Shoppe.
  4420 | D:3      | Noticed an ice beast
  4812 | D:2      | Mangled by an ice beast

Illustrated notes

Levels and vault maps discovered:
D:1:      erik_arrival_cave_to_civilisation [erik_arrival_cave_to_temple],
          layout_loops_corners, hellmonk_ecumenical_altar_inner_sanctum,
          hex_medium, chequers_arboretum, serial_bayou_lagoon_a
D:2:      layout_basic, serial_bayou_pond_e, minmay_divided_ellipse,
          uniq_terence, uniq_natasha
D:3:      minmay_chambers_of_threes, layout_rooms, grunt_nemelex_the_gamble,
          zin_treasury, mainiacjoe_overflow_tiny_flanked, minitemple,
          serial_shops, nicolae_shop_stone, nicolae_shop_trees, shop,
          minmay_misc_feat_tower

Skill      XL: |  1  2  3  4  5  6 |
---------------+-------------------+-----
Crossbows      | 5 6 7 |  7.6
Short Blades   | 1 |  1.0
Fighting       | 4 |  4.1
Armour         | |  0.4
Dodging        | |  2.4
Stealth        | |  1.3

Action                   |  1- 3 |  4- 6 || total
-------------------------+-------+-------++-------
Melee: Short sword       |   111 |       ||   111
       Rapier            |     2 |    78 ||    80
 Fire: Hand crossbow     |    10 |    53 ||    63
  Use: Potion            |       |     6 ||     6
       Scroll            |       |     3 ||     3
 Stab: Sleeping          |     9 |     5 ||    14
       Distracted        |     1 |       ||     1
Armor: Leather armour    |    29 |    26 ||    55
Dodge: Dodged            |    96 |    74 ||   170
